TOP OF THE 1ST |
Saskatoon Smokin' Guns batting - Pitching for Surrey Sinners : LHP Dennis Morales
|
Pitching: LHP Dennis Morales
|
|
Batting: RHB Pedro Cabrera
|
0-0: Foul Ball, location: 2F 0-1: Foul Ball, location: 2F 0-2: Fly out, F8 (Flyball, 8LD)
|
Batting: RHB Johnny Hawson
|
0-0: Ball 1-0: Swinging Strike 1-1: Swinging Strike 1-2: Strikes out swinging
|
Batting: RHB Joaquín Luna
|
0-0: Called Strike 0-1: Called Strike 0-2: Ball 1-2: Ball 2-2: Foul Ball, location: 2F 2-2: SINGLE (Line Drive, 34D)
|
Batting: LHB Bo Rush
|
0-0: Called Strike 0-1: Ball 1-1: Swinging Strike 1-2: Fly out, F5 (Popup, 5)
|
Top of the 1st over - 0 run(s), 1 hit(s), 0 error(s), 1 left on base; Saskatoon 0 - Surrey 0 |
BOTTOM OF THE 1ST |
Surrey Sinners batting - Pitching for Saskatoon Smokin' Guns : RHP Dusty Smith
|
Pitching: RHP Dusty Smith
|
|
Batting: RHB Marcos Liñares
|
0-0: Ball 1-0: Ground out 4-3 (Groundball, 4)
|
Batting: LHB Jorge Martínez
|
0-0: Called Strike 0-1: SINGLE (Line Drive, 3L)
|
Batting: LHB Iván Espinosa
|
0-0: Ball 1-0: Ball 2-0: SINGLE (Groundball, 4MD) Jorge Martínez to second
|
Batting: LHB Juan Hinojosa
|
0-0: Ball 1-0: Called Strike 1-1: Called Strike Iván Espinosa steals 2nd base Jorge Martínez to third 1-2: Strikes out looking
|
Batting: RHB Roberto Ybarra
|
0-0: Fly out, F4 (Line Drive, 4)
|
Bottom of the 1st over - 0 run(s), 2 hit(s), 0 error(s), 2 left on base; Saskatoon 0 - Surrey 0 |
TOP OF THE 2ND |
Saskatoon Smokin' Guns batting - Pitching for Surrey Sinners : LHP Dennis Morales
|
Batting: LHB Rubén Salazar
|
0-0: Ball 1-0: Ball 2-0: Ball 3-0: Base on Balls
|
Batting: LHB José Domínguez
|
0-0: Called Strike Rubén Salazar is caught stealing 2nd base 0-1: Ball 1-1: Called Strike 1-2: Foul Ball, location: 2F 1-2: Ball 2-2: Ground out 3-1 (Groundball, 34)
|
Batting: RHB Henry Jackson
|
0-0: Called Strike 0-1: Foul Ball, location: 2F 0-2: Ball 1-2: Strikes out looking
|
Top of the 2nd over - 0 run(s), 0 hit(s), 0 error(s), 0 left on base; Saskatoon 0 - Surrey 0 |
BOTTOM OF THE 2ND |
Surrey Sinners batting - Pitching for Saskatoon Smokin' Guns : RHP Dusty Smith
|
Batting: RHB John Stevens
|
0-0: SINGLE (Line Drive, 4MD)
|
Batting: RHB Clarence Harrison
|
0-0: Foul Ball, location: 2F 0-1: Ball 1-1: Ball 2-1: Ball 3-1: Foul Ball, location: 2F 3-2: Foul Ball, location: 2F 3-2: DOUBLE (Line Drive, 9LM) John Stevens to third
|
Batting: RHB Robert Koremans
|
0-0: Swinging Strike 0-1: Swinging Strike 0-2: Foul Ball, location: 2F 0-2: Strikes out swinging
|
Batting: RHB Mitchell Darragh
|
0-0: SINGLE (Groundball, 25) (infield hit) John Stevens scores Clarence Harrison to third
|
Batting: RHB Marcos Liñares
|
0-0: Ball Mitchell Darragh is caught stealing 2nd base 1-0: Foul Ball, location: 2F 1-1: Swinging Strike 1-2: Strikes out looking
|
Bottom of the 2nd over - 1 run(s), 3 hit(s), 0 error(s), 1 left on base; Saskatoon 0 - Surrey 1 |
TOP OF THE 3RD |
Saskatoon Smokin' Guns batting - Pitching for Surrey Sinners : LHP Dennis Morales
|
Batting: RHB Joe Lewis
|
0-0: Ball 1-0: SINGLE (Flyball, 4MD)
|
Batting: RHB Artie Turner
|
0-0: Called Strike 0-1: SINGLE (Groundball, 56D) Joe Lewis to second
|
Batting: RHB Pedro Cabrera
|
0-0: Called Strike 0-1: Ball 1-1: Foul Ball, location: 2F 1-2: Ball 2-2: Foul Ball, location: 2F 2-2: Grounds into double play, 4-6-3 (Groundball, 4) Joe Lewis to third
|
Batting: RHB Johnny Hawson
|
0-0: SINGLE (Groundball, 6MD) Joe Lewis scores
|
Batting: RHB Joaquín Luna
|
0-0: Ball 1-0: Ball 2-0: Called Strike 2-1: Called Strike 2-2: Ball 3-2: Foul Ball, location: 2F 3-2: Base on Balls Johnny Hawson to second
|
Batting: LHB Bo Rush
|
0-0: Foul Ball, location: 2F 0-1: Ball 1-1: Foul Ball, location: 2F 1-2: Ball 2-2: Ball 3-2: DOUBLE (Line Drive, 9LM) Johnny Hawson scores Joaquín Luna to third Joaquín Luna scores
|
Pinch Runner at 2nd Rafael Gonzáles:
|
|
Batting: LHB Rubén Salazar
|
0-0: Ball 1-0: Called Strike 1-1: Foul Ball, location: 2F 1-2: Ground out U3 (Groundball, 34)
|
Top of the 3rd over - 3 run(s), 4 hit(s), 0 error(s), 1 left on base; Saskatoon 3 - Surrey 1 |
BOTTOM OF THE 3RD |
Surrey Sinners batting - Pitching for Saskatoon Smokin' Guns : RHP Dusty Smith
|
Now at 1B: Rafael Gonzáles
|
|
Batting: LHB Jorge Martínez
|
0-0: Ball 1-0: Swinging Strike 1-1: Foul Ball, location: 2F 1-2: Fly out, F3 (Popup, 3L)
|
Batting: LHB Iván Espinosa
|
0-0: Ball 1-0: Ball 2-0: Ball 3-0: Base on Balls
|
Batting: LHB Juan Hinojosa
|
0-0: Foul Ball, location: 2F 0-1: Ball 1-1: Ball 2-1: Foul Ball, location: 2F 2-2: Ball 3-2: DOUBLE (Line Drive, 7LM) Iván Espinosa to third
|
Batting: RHB Roberto Ybarra
|
0-0: Ball 1-0: SINGLE (Groundball, 4MD) Iván Espinosa scores Juan Hinojosa to third Runner from 3rd tries for Home, SAFE, no throw
|
Batting: RHB John Stevens
|
0-0: Foul Ball, location: 2F 0-1: Ball 1-1: Foul Ball, location: 2F 1-2: Fly out, F8 (Flyball, 8RM)
|
Batting: RHB Clarence Harrison
|
0-0: Foul Ball, location: 2F 0-1: Fly out, F9 (Flyball, 9)
|
Bottom of the 3rd over - 2 run(s), 2 hit(s), 0 error(s), 1 left on base; Saskatoon 3 - Surrey 3 |
TOP OF THE 4TH |
Saskatoon Smokin' Guns batting - Pitching for Surrey Sinners : LHP Dennis Morales
|
Batting: LHB José Domínguez
|
0-0: Ball 1-0: Called Strike 1-1: Ground out 2-3 (Groundball, 2R)
|
Batting: RHB Henry Jackson
|
0-0: Ball 1-0: Ball 2-0: Ball 3-0: Called Strike 3-1: Base on Balls
|
Batting: RHB Joe Lewis
|
0-0: Ball 1-0: Foul Ball, location: 2F 1-1: Fly out, F9 (Line Drive, 89M)
|
Batting: RHB Artie Turner
|
0-0: Ball Wild Pitch! Henry Jackson to second 1-0: Ball 2-0: Fly out, F5 (Popup, 56S)
|
Top of the 4th over - 0 run(s), 0 hit(s), 0 error(s), 1 left on base; Saskatoon 3 - Surrey 3 |
BOTTOM OF THE 4TH |
Surrey Sinners batting - Pitching for Saskatoon Smokin' Guns : RHP Dusty Smith
|
Batting: RHB Robert Koremans
|
0-0: Called Strike 0-1: Swinging Strike 0-2: Ball 1-2: Ball 2-2: Strikes out looking
|
Batting: RHB Mitchell Darragh
|
0-0: Foul Ball, location: 2F 0-1: Ball 1-1: Swinging Strike 1-2: TRIPLE (Groundball, 5L)
|
Batting: RHB Marcos Liñares
|
0-0: Ball 1-0: Called Strike 1-1: Foul Ball, location: 2F 1-2: Foul Ball, location: 2F 1-2: Strikes out swinging
|
Batting: LHB Jorge Martínez
|
0-0: Called Strike 0-1: Fly out, F4 (Popup, 4MD)
|
Bottom of the 4th over - 0 run(s), 1 hit(s), 0 error(s), 1 left on base; Saskatoon 3 - Surrey 3 |
TOP OF THE 5TH |
Saskatoon Smokin' Guns batting - Pitching for Surrey Sinners : LHP Dennis Morales
|
Batting: RHB Pedro Cabrera
|
0-0: Ball 1-0: Ground out 6-3 (Groundball, 6S)
|
Batting: RHB Johnny Hawson
|
0-0: Foul Ball, location: 2F 0-1: Ground out 5-3 (Groundball, 5)
|
Batting: RHB Joaquín Luna
|
0-0: Ball 1-0: Called Strike 1-1: Called Strike 1-2: Ball 2-2: Ball 3-2: Foul Ball, location: 2F 3-2: Base on Balls
|
Batting: RHB Rafael Gonzáles
|
0-0: Ball 1-0: Called Strike 1-1: Ball 2-1: Fly out, F7 (Flyball, 7)
|
Top of the 5th over - 0 run(s), 0 hit(s), 0 error(s), 1 left on base; Saskatoon 3 - Surrey 3 |
BOTTOM OF THE 5TH |
Surrey Sinners batting - Pitching for Saskatoon Smokin' Guns : RHP Dusty Smith
|
Batting: LHB Iván Espinosa
|
0-0: Ball 1-0: Foul Ball, location: 2F 1-1: Fly out, F7 (Flyball, 7)
|
Batting: LHB Juan Hinojosa
|
0-0: Called Strike 0-1: Foul Ball, location: 2F 0-2: Ball 1-2: Ball 2-2: Ball 3-2: Strikes out looking
|
Batting: RHB Roberto Ybarra
|
0-0: Swinging Strike 0-1: Called Strike 0-2: Strikes out looking
|
Bottom of the 5th over - 0 run(s), 0 hit(s), 0 error(s), 0 left on base; Saskatoon 3 - Surrey 3 |
TOP OF THE 6TH |
Saskatoon Smokin' Guns batting - Pitching for Surrey Sinners : LHP Dennis Morales
|
Pitching: LHP Werner Corona
|
|
Batting: LHB Rubén Salazar
|
0-0: Called Strike 0-1: Ball 1-1: Ball 2-1: Ball 3-1: Base on Balls
|
Batting: LHB José Domínguez
|
0-0: Ball 1-0: Swinging Strike 1-1: Ball 2-1: Called Strike 2-2: Ball 3-2: Base on Balls Rubén Salazar to second
|
Batting: RHB Henry Jackson
|
0-0: Called Strike 0-1: Ball 1-1: Called Strike 1-2: Strikes out swinging
|
Batting: RHB Joe Lewis
|
0-0: Called Strike 0-1: Foul Ball, location: 2F 0-2: Strikes out swinging
|
Batting: RHB Artie Turner
|
0-0: Called Strike 0-1: Swinging Strike 0-2: Strikes out swinging
|
Top of the 6th over - 0 run(s), 0 hit(s), 0 error(s), 2 left on base; Saskatoon 3 - Surrey 3 |
BOTTOM OF THE 6TH |
Surrey Sinners batting - Pitching for Saskatoon Smokin' Guns : RHP Dusty Smith
|
Batting: RHB John Stevens
|
0-0: Ball 1-0: Ball 2-0: Ball 3-0: Called Strike 3-1: Base on Balls
|
Pitching: RHP Luis Costa
|
|
Batting: RHB Clarence Harrison
|
0-0: Foul Ball, location: 2F 0-1: Swinging Strike 0-2: Ball 1-2: Ball 2-2: Foul Ball, location: 2F 2-2: Foul Ball, location: 2F 2-2: Ball 3-2: Fielders Choice at 2nd, 6-4 (Groundball, 6)
|
Batting: RHB Robert Koremans
|
0-0: Ball 1-0: Called Strike Clarence Harrison steals 2nd base 1-1: DOUBLE (Line Drive, 7LM) Clarence Harrison scores
|
Batting: RHB Mitchell Darragh
|
0-0: Swinging Strike 0-1: Swinging Strike 0-2: Ball 1-2: Ball 2-2: Foul Ball, location: 2F 2-2: Foul Ball, location: 2F 2-2: Ground out 5-3 (Groundball, 56S) Robert Koremans to third
|
Batting: RHB Marcos Liñares
|
0-0: Swinging Strike 0-1: Swinging Strike 0-2: Strikes out swinging
|
Bottom of the 6th over - 1 run(s), 1 hit(s), 0 error(s), 1 left on base; Saskatoon 3 - Surrey 4 |
TOP OF THE 7TH |
Saskatoon Smokin' Guns batting - Pitching for Surrey Sinners : LHP Werner Corona
|
Batting: RHB Pedro Cabrera
|
0-0: Swinging Strike 0-1: Foul Ball, location: 2F 0-2: Strikes out looking
|
Batting: RHB Johnny Hawson
|
0-0: Ball 1-0: Ball 2-0: Ball 3-0: Called Strike 3-1: Foul Ball, location: 2F 3-2: Foul Ball, location: 2F 3-2: Ground out 2-3 (Groundball, 2L)
|
Batting: RHB Joaquín Luna
|
0-0: Ball 1-0: Ball 2-0: Foul Ball, location: 2F 2-1: Ball 3-1: DOUBLE (Line Drive, 7D)
|
Pinch Hitting: RHB Justin Geoghegan
|
0-0: Ball 1-0: Called Strike 1-1: Called Strike 1-2: Ball 2-2: DOUBLE (Line Drive, 7LM) Joaquín Luna scores
|
Batting: LHB Rubén Salazar
|
0-0: Ball 1-0: Swinging Strike 1-1: Swinging Strike 1-2: Foul Ball, location: 2F 1-2: Ball Wild Pitch! Justin Geoghegan to third 2-2: Ball 3-2: Foul Ball, location: 2F 3-2: DOUBLE (Line Drive, 89S) Justin Geoghegan scores
|
Pitching: LHP Ramón Cardenas
|
|
Batting: LHB José Domínguez
|
0-0: Called Strike 0-1: Swinging Strike 0-2: Strikes out swinging
|
Top of the 7th over - 2 run(s), 3 hit(s), 0 error(s), 1 left on base; Saskatoon 5 - Surrey 4 |
BOTTOM OF THE 7TH |
Surrey Sinners batting - Pitching for Saskatoon Smokin' Guns : RHP Luis Costa
|
Now at 2B: Justin Geoghegan
|
|
Batting: LHB Jorge Martínez
|
0-0: Called Strike 0-1: Foul Ball, location: 2F 0-2: Reached on error, E4 (Groundball, 4)
|
Batting: LHB Iván Espinosa
|
0-0: Ball 1-0: Called Strike 1-1: Swinging Strike 1-2: Strikes out swinging
|
Batting: LHB Juan Hinojosa
|
0-0: Ball 1-0: SINGLE (Line Drive, 34D) Jorge Martínez to second Runner from 2nd tries for 3rd, SAFE, no throw
|
Pinch Hitting: SHB Norberto Muñóz
|
0-0: Foul Ball, location: 2F 0-1: Ball 1-1: Foul Ball, location: 2F 1-2: Ball 2-2: Ball 3-2: SINGLE (Line Drive, 7LS) Jorge Martínez scores Juan Hinojosa to second Juan Hinojosa to third
|
Pitching: RHP Bernardo García
|
|
Pinch Hitting: RHB Dennis House
|
0-0: Ball 1-0: Ground out 4-3 (Groundball, 4MS) Juan Hinojosa scores Norberto Muñóz to second
|
Batting: RHB Clarence Harrison
|
0-0: Ball 1-0: Ball 2-0: Ball 3-0: Called Strike 3-1: 2-RUN HOME RUN (Flyball, 7LD), Distance : 348 ft
|
Batting: RHB Robert Koremans
|
0-0: Ball 1-0: Fly out, F3 (Line Drive, 34)
|
Bottom of the 7th over - 4 run(s), 3 hit(s), 1 error(s), 0 left on base; Saskatoon 5 - Surrey 8 |
TOP OF THE 8TH |
Saskatoon Smokin' Guns batting - Pitching for Surrey Sinners : LHP Ramón Cardenas
|
Now at 1B: Norberto Muñóz
|
|
Now at 3B: Jason Nava
|
|
Batting: RHB Henry Jackson
|
0-0: Ball 1-0: Foul Ball, location: 2F 1-1: SINGLE (Groundball, 6MD)
|
Pitching: RHP Mike Alexander
|
|
Batting: RHB Joe Lewis
|
0-0: Ball 1-0: Ball 2-0: Ball 3-0: Called Strike 3-1: Base on Balls Henry Jackson to second
|
Batting: RHB Artie Turner
|
0-0: Ball 1-0: SINGLE (Flyball, 78S) Henry Jackson to third Joe Lewis to second Runner from 3rd tries for Home, SAFE, no throw
|
Batting: RHB Pedro Cabrera
|
0-0: Ball 1-0: Swinging Strike 1-1: Swinging Strike 1-2: Foul Ball, location: 2F 1-2: SINGLE (Groundball, 4D) Joe Lewis to third Artie Turner to second
|
Pinch Hitting: RHB Brendon Little
|
0-0: Ball 1-0: Foul Ball, location: 2F 1-1: Swinging Strike 1-2: Grounds into double play, 6-4-3 (Groundball, 56D) Joe Lewis scores Artie Turner to third
|
Batting: RHB Joaquín Luna
|
0-0: 2-RUN HOME RUN (Line Drive, 7D), Distance : 373 ft
|
Pitching: LHP Dalton Hayes
|
|
Batting: RHB Justin Geoghegan
|
0-0: Foul Ball, location: 2F 0-1: Ground out 6-3 (Groundball, 56)
|
Top of the 8th over - 4 run(s), 4 hit(s), 0 error(s), 0 left on base; Saskatoon 9 - Surrey 8 |
BOTTOM OF THE 8TH |
Surrey Sinners batting - Pitching for Saskatoon Smokin' Guns : RHP Bernardo García
|
Now at 2B: Ty Adams
|
|
Now at SS: Julián García
|
|
Batting: RHB Mitchell Darragh
|
0-0: Called Strike 0-1: Ground out 6-3 (Groundball, 6)
|
Batting: RHB Marcos Liñares
|
0-0: Fly out, F3 (Line Drive, 3)
|
Pitching: LHP Ernesto Pérez
|
|
Batting: LHB Jorge Martínez
|
0-0: Called Strike 0-1: Ball 1-1: Ball 2-1: SINGLE (Groundball, 3) (infield hit)
|
Batting: LHB Iván Espinosa
|
0-0: Fly out, F7 (Line Drive, 7LM)
|
Bottom of the 8th over - 0 run(s), 1 hit(s), 0 error(s), 1 left on base; Saskatoon 9 - Surrey 8 |
TOP OF THE 9TH |
Saskatoon Smokin' Guns batting - Pitching for Surrey Sinners : LHP Dalton Hayes
|
Pitching: LHP Miguel Pazo
|
|
Batting: LHB Rubén Salazar
|
0-0: Called Strike 0-1: Foul Ball, location: 2F 0-2: Ball 1-2: TRIPLE (Line Drive, 8RS)
|
Batting: LHB José Domínguez
|
0-0: Intentional Walk
|
Batting: RHB Henry Jackson
|
0-0: Called Strike 0-1: Foul Ball, location: 2F 0-2: Strikes out looking
|
Pinch Hitting: RHB Ismael Ortíz
|
0-0: Ball 1-0: Fly out, F2 (Popup, 23)
|
Pinch Hitting: RHB Robbie Jenkins
|
0-0: Ball 1-0: Swinging Strike 1-1: Fielders Choice at 2nd, 6-4 (Groundball, 6)
|
Top of the 9th over - 0 run(s), 1 hit(s), 0 error(s), 1 left on base; Saskatoon 9 - Surrey 8 |
BOTTOM OF THE 9TH |
Surrey Sinners batting - Pitching for Saskatoon Smokin' Guns : LHP Ernesto Pérez
|
Pitching: LHP Pedro González
|
|
Now at C: Ismael Ortíz
|
|
Now at 3B: Mathew Olson
|
|
Batting: LHB Juan Hinojosa
|
0-0: Called Strike 0-1: Ball 1-1: SINGLE (Line Drive, 8RS)
|
Batting: SHB Norberto Muñóz
|
0-0: Ball 1-0: Foul Ball, location: 2F 1-1: Ball 2-1: Swinging Strike 2-2: Ball 3-2: Foul Ball, location: 2F 3-2: DOUBLE (Line Drive, 8RD) Juan Hinojosa to third
|
Pinch Hitting: RHB Jorge Barrios
|
0-0: Ball 1-0: Ball 2-0: Ball 3-0: Called Strike 3-1: Base on Balls
|
Batting: RHB Clarence Harrison
|
0-0: Ball 1-0: Ball 2-0: Ball 3-0: Called Strike 3-1: Foul Ball, location: 2F 3-2: Grounds into fielders choice 3-2 (Groundball, 34S) Norberto Muñóz to third Jorge Barrios to second
|
Batting: RHB Robert Koremans
|
0-0: Called Strike 0-1: Ball 1-1: Foul Ball, location: 2F 1-2: Strikes out swinging
|
Batting: RHB Mitchell Darragh
|
0-0: Ball 1-0: Ball 2-0: Foul Ball, location: 2F 2-1: Ball 3-1: Base on Balls Norberto Muñóz scores Jorge Barrios to third Clarence Harrison to second
|
Batting: RHB Marcos Liñares
|
0-0: Ball 1-0: Ball 2-0: Foul Ball, location: 2F 2-1: Ball 3-1: Base on Balls Jorge Barrios scores Clarence Harrison to third Mitchell Darragh to second
|
Tuesday, August 8th, 2017 - OOTP Baseball 17.12 Build 75
|
|